 Dungeon Crawl Stone Soup version 0.16-a0-253-g996e5b4 (webtiles) character file.

604 Mortal the Vexing (level 7, -12/49 HPs)
             Began as a Vampire Enchanter on Aug 23, 2014.
             Was a Follower of Yredelemnul.
             Mangled by a yak (16 damage)
             ... on Level 5 of the Dungeon.
             The game lasted 00:21:12 (3718 turns).

Mortal the Vexing (Vampire Enchanter)               Turns: 3718, Time: 00:21:12

HP -12/49        AC  0     Str  2      XL: 7   Next: 18%
MP   0/13        EV 23     Int 17      God: Yredelemnul [*.....]
Gold 181         SH  0     Dex 21      Spells:  3 memorised,  5 levels left

rFire  . . .     SeeInvis +     a - melded +0 dagger (speed)
rCold  + + .     Clarity  .     b - melded +1 robe
rNeg   + + +     rCorr    .     d - melded +0 buckler {reflect}
rPois  +         rRot     +     (helmet currently unavailable)
rElec  .         Spirit   +     (cloak currently unavailable)
SustAb .         Warding  .     (gloves currently unavailable)
rMut   .         Stasis   .     (boots currently unavailable)
Gourm  .                        h - amulet of guardian spirit
MR     .....                    y - melded +3 ring of intelligence
                                e - melded ring of poison resistance

@: bat-form, flying, regenerating slowly, very quick, not resistant to hostile
enchantments, stealthy
A: bottle blood, (fangs 0), see invisible, (unbreathing)
a: Bottle Blood, End Transformation, Animate Remains, Renounce Religion


You were on level 5 of the Dungeon.
You worshipped Yredelemnul.
Yredelemnul was aware of your devotion.
You were near bloodless.
You were in vampire bat-form.
You visited 2 branches of the dungeon, and saw 6 of its levels.

You collected 181 gold pieces.

Inventory:

Hand weapons
 a - a +0 dagger of speed (melded)
 v - a +1 dagger of venom
 w - a +0 dagger of electrocution
Armour
 b - a +1 robe (melded)
 d - a +0 buckler of reflection (melded)
Magical devices
 D - a wand of frost (7)
Scrolls
 f - a scroll of enchant armour {unknown}
 g - 5 scrolls of immolation {unknown}
 i - a scroll of fog {unknown}
 k - a scroll of magic mapping {unknown}
 l - 2 scrolls of remove curse
 n - a scroll of fear {unknown}
 p - 3 scrolls of teleportation {unknown}
 C - a scroll of identify {unknown}
Jewellery
 e - a ring of poison resistance (melded)
 h - an amulet of guardian spirit (around neck)
 o - an uncursed ring of fire
 y - a +3 ring of intelligence (melded)
Potions
 j - a potion of haste {unknown}
 m - a potion of mutation {unknown}
 q - 2 potions of invisibility {unknown}
 r - 3 potions of curing {unknown}
 t - a potion of agility {unknown}
 z - a potion of degeneration {unknown}
 B - 6 potions of blood
Books
 c - a book of Maledictions

   Spells                             Type                      Level
   *Corona                            Hexes                        1
   Sure Blade                         Hexes/Charms                 2
   *Ensorcelled Hibernation           Hexes/Ice                    2
   *Confuse                           Hexes                        3
   Dazzling Spray                     Conjuration/Hexes            3
   Enslavement                        Hexes                        4
 x - a book of Enchantments

   Spells                             Type                      Level
   Tukima's Dance                     Hexes                        3
   Cause Fear                         Hexes                        4
   Silence                            Hexes/Air                    5
   Deflect Missiles                   Charms/Air                   6
   Haste                              Charms                       6
   Discord                            Hexes                        8


   Skills:
 + Level 1.6 Fighting
 + Level 3.7 Short Blades
 + Level 4.0 Dodging
 + Level 6.4 Stealth
 + Level 0.5 Shields
 + Level 2.8 Spellcasting
 * Level 7.5 Hexes


You had 5 spell levels left.
You knew the following spells:

 Your Spells              Type           Power        Failure   Level  Hunger
a - Corona                Hex            ####...      4%          1    #......
b - Ensorcelled Hibernat  Hex/Ice        ###...       24%         2    ##.....
c - Confuse               Hex            ####....     10%         3    ###....


Dungeon Overview and Level Annotations

Branches:
Dungeon (5/15)             Temple (1/1) D:4

Altars:
Ashenzari
Cheibriados
Elyvilon
Gozag
Kikubaaqudgha
Makhleb
Nemelex Xobeh
Okawaru
Qazlal
Sif Muna
Trog
Vehumet
Xom
Yredelemnul
Zin
The Shining One


Innate Abilities, Weirdness & Mutations

You heal slowly.
You can bottle blood from corpses.
((You have razor-sharp teeth.))
You have supernaturally acute eyesight.
((You can survive without breathing.))


Message History

The worker ant closely misses you. The worker ant completely misses you.
A shadow imp comes into view.
The shadow imp shouts, "Crawl home, thou peeagling toenail-biting baggage!"
A hobgoblin comes into view.
The shadow imp completely misses you.
You hit the hobgoblin but do no damage. The hobgoblin hits you.
* * * LOW HITPOINT WARNING * * *
You hit the hobgoblin but do no damage. The shadow imp hits you.
The hobgoblin misses you. The shadow imp hits you.
* * * LOW HITPOINT WARNING * * *
The worker ant barely misses you.
You hit the yak but do no damage.
The yak is lightly wounded.
You hit the yak.
The yak is lightly wounded.
The yak gores you!!
You die...
Yredelemnul claims you as an undead slave.

####..###..# ###+## .#
#####+###+## #....##.##
.......+ +........#
.......# #........#
.......# #....g...#
.......# #........#
.###...# #+###..##.g.##
.###...###..##..##...##
...............Yba....#
...........Y..........#
.>......%.............#
.##.##+####.....##...##
#+ #.....##...#
#...........#
+..........##
#.s........# #.###+# .


You could see 2 yaks, a worker ant, a giant cockroach (sleeping) and a
hobgoblin.

Vanquished Creatures
  The ghost of xsansara the Firebug, an average DrFE (D:4)
  A yak (D:5)
  An ogre (D:4)
  2 hounds (D:4)
  2 worker ants
  7 adders
  A giant mite (D:3)
  A worm (D:2)
  5 giant geckos
  An ooze (D:3)
  14 orcs
  4 giant cockroaches
  7 hobgoblins
  4 jackals
  13 kobolds
  A quokka (D:2)
  4 bats
  6 goblins
  8 rats
83 creatures vanquished.

Notes
Turn   | Place    | Note
--------------------------------------------------------------
     0 | D:1      | Mortal, the Vampire Enchanter, began the quest for the Orb.
     0 | D:1      | Reached XP level 1. HP: 13/13 MP: 3/3
   617 | D:1      | Reached XP level 2. HP: 17/19 MP: 4/4
   684 | D:1      | Learned a level 2 spell: Ensorcelled Hibernation
   881 | D:2      | Found an opulent altar of Gozag.
   881 | D:2      | Found a radiant altar of Vehumet.
   899 | D:2      | Reached XP level 3. HP: 17/24 MP: 3/6
   960 | D:2      | Found a white marble altar of Elyvilon.
   972 | D:2      | Reached skill level 5 in Stealth
   978 | D:2      | Reached skill level 5 in Hexes
  1101 | D:2      | Found a basalt altar of Yredelemnul.
  1106 | D:2      | Became a worshipper of Yredelemnul the Dark
  1265 | D:2      | Reached XP level 4. HP: 30/30 MP: 2/7
  1688 | D:3      | Reached skill level 6 in Hexes
  2007 | D:3      | Reached XP level 5. HP: 35/35 MP: 6/9
  2300 | D:4      | Noticed xsansara's ghost (average DrFE)
  2307 | D:4      | Learned a level 3 spell: Confuse
  2335 | D:4      | Killed xsansara's ghost
  2335 | D:4      | Reached XP level 6. HP: 40/42 MP: 5/10
  2358 | D:4      | Found a staircase to the Ecumenical Temple.
  2366 | Temple   | Entered the Ecumenical Temple
  2612 | D:4      | Reached skill level 1 in Fighting
  2825 | D:4      | Acquired Yredelemnul's first power
  3057 | D:4      | Reached skill level 7 in Hexes
  3281 | D:4      | Noticed an ogre
  3286 | D:4      | Killed an ogre
  3489 | D:5      | Entered Level 5 of the Dungeon
  3631 | D:5      | Noticed a yak
  3633 | D:5      | Noticed a yak
  3635 | D:5      | Noticed a yak
  3636 | D:5      | Noticed a yak
  3641 | D:5      | Noticed a yak
  3657 | D:5      | Killed a yak
  3657 | D:5      | Reached XP level 7. HP: 45/49 MP: 10/13
  3718 | D:5      | Mangled by a yak

Action                   |  1- 3 |  4- 6 |  7- 9 || total
-------------------------+-------+-------+-------++-------
Melee: Dagger            |   117 |   114 |     6 ||   237
       Unarmed           |       |       |     4 ||     4
 Cast: Ensorcelled Hiber |    12 |    34 |     3 ||    49
       Confuse           |       |     2 |       ||     2
 Abil: Bottle Blood      |       |     6 |       ||     6
       Bat Form          |       |       |     1 ||     1
Evoke: Wand              |       |     1 |       ||     1
  Use: Scroll            |       |     1 |       ||     1
 Stab: Sleeping          |    16 |    32 |       ||    48
       Confused          |       |     2 |       ||     2
  Eat: Corpse            |     2 |     1 |       ||     3
